 Dungeon Crawl Stone Soup version 0.16.1-2-g95b8d4c (webtiles) character file.

481 ketsa the Cleaver (level 7, -5/57 HPs)
             Began as a Hill Orc Abyssal Knight on Mar 24, 2015.
             Was an Elder of Lugonu.
             Slain by Prince Ribbit (15 damage)
             ... on level 4 of the Dungeon.
             The game lasted 00:11:55 (4672 turns).

ketsa the Cleaver (Hill Orc Abyssal Knight)         Turns: 4672, Time: 00:11:55

Health: -5/57      AC:  5    Str: 17    XL:     7   Next: 12%
Magic:  13/13      EV: 11    Int: 17    God:    Lugonu [****..]
Gold:   148        SH:  0    Dex: 10    Spells: 0 memorised, 6 levels left

rFire  . . .     SeeInvis .     x - +0 war axe
rCold  + . .     Clarity  .     h - +1 leather armour {rC+} (curse)
rNeg   . . .     SustAb   .     (no shield)
rPois  .         Gourm    .     (no helmet)
rElec  .         Spirit   .     (no cloak)
rCorr  .         Warding  .     (no gloves)
rMut   .         Stasis   .     n - +0 pair of boots
MR     .....                    (no amulet)
Stlth  +.........               (no ring)
                                (no ring)

@: brilliant, very slightly contaminated, invisible, not resistant to hostile
enchantments, very unstealthy
A: no striking features
a: Depart the Abyss, Bend Space, Banish, Corrupt, Renounce Religion


You were on level 4 of the Dungeon.
You worshipped Lugonu.
Lugonu was greatly pleased with you.
You were not hungry.

You visited 1 branch of the dungeon, and saw 5 of its levels.
You visited the Abyss 1 time.

You collected 148 gold pieces.

Inventory:

Hand weapons
 a - a +1 hand axe
 x - a +0 war axe (weapon)
Missiles
 g - 33 stones (quivered)
Armour
 h - a cursed +1 leather armour of cold resistance (worn)
 k - a +2 chain mail of cold resistance
 n - a +0 pair of boots (worn)
 z - a +0 chain mail
Jewellery
 v - an uncursed amulet of regeneration {unknown}
Scrolls
 d - 2 scrolls of identify {unknown}
 j - a scroll of magic mapping {unknown}
 l - 2 scrolls of teleportation {unknown}
 p - a scroll of enchant weapon {unknown}
 s - a scroll of amnesia {unknown}
 w - 3 scrolls of remove curse {unknown}
 y - a scroll of blinking {unknown}
 A - a scroll of fog {unknown}
 B - a scroll of random uselessness {unknown}
Potions
 m - a potion of ambrosia
 q - a potion of lignification {unknown}
 t - 2 potions of curing
 u - a potion of restore abilities {unknown}
Comestibles
 b - a slice of pizza
 c - a meat ration
 f - 8 fruits
 r - 8 bread rations
 C - a chunk of flesh


   Skills:
 - Level 3.6 Fighting
 * Level 8.1 Axes
 + Level 3.5 Armour
 - Level 0.7 Dodging
 + Level 4.8 Invocations


You had 6 spell levels left.
You didn't know any spells.

Dungeon Overview and Level Annotations

Branches:
Dungeon (5/15)
 Temple: D:4-7

Altars:
Vehumet
The Shining One

Annotations:
D:3 exclusion: downstairs
D:4 Prince Ribbit


Message History

Prince Ribbit croaks regally.
Prince Ribbit barely misses you.
Drink which item? (? for menu, Esc to quit)
It was a potion of brilliance.
You feel clever all of a sudden. Prince Ribbit hits you.
* * * LOW HITPOINT WARNING * * *
Prince Ribbit closely misses you.
You miss Prince Ribbit.
Prince Ribbit is moderately wounded.
Prince Ribbit blinks!
Drink which item? (? for menu, Esc to quit)
It was a potion of invisibility.
You fade into invisibility!
You are very lightly contaminated with residual magic.
Things that are here:
a short sword; an orc corpse Prince Ribbit misses you.
Prince Ribbit hits you!
You die...

#.>..# #.#......# #....#
#.#......#
#....###.#......#
##+#..##.#......#
.##.##.#....))#
##.##.##.#......###...
+........'......'......
##..##.#.#(.F...##....
#..##.#.#.@....##....
#..##...#......##.....
#..###.....######......
#..###..##)# #.......
#..........# #........
#.#......########.......
#.#.#.<................
#.#.#.....#........#+#
#.#.......#........#.#


You could see Prince Ribbit.

Vanquished Creatures
  Menkaure (D:4)
  Blork the orc (D:4)
  An orc wizard (D:4)
  2 worker ants
  Ijyb (D:2)
  7 adders
  5 worms
  An adder skeleton (D:4)
  2 giant geckos
  4 oozes
  10 orcs
  A ball python (D:2)
  13 hobgoblins
  7 kobolds
  2 quokkas (D:3)
  8 bats
  7 giant cockroaches
  8 giant newts
  11 goblins
  10 rats
102 creatures vanquished.

Vanquished Creatures (others)
  A hobgoblin (D:3)
  A kobold (D:3)
2 creatures vanquished.

Grand Total: 104 creatures vanquished

Notes
Turn   | Place    | Note
--------------------------------------------------------------
     0 | Abyss:1  | ketsa, the Hill Orc Abyssal Knight, began the quest for the Orb.
     0 | Abyss:1  | Reached XP level 1. HP: 19/19 MP: 1/1
     5 | D:1      | Escaped the Abyss
   261 | D:1      | Reached XP level 2. HP: 15/26 MP: 2/2
   759 | D:1      | Reached skill level 4 in Axes
   762 | D:1      | Acquired Lugonu's second power
   863 | D:1      | Reached XP level 3. HP: 31/31 MP: 4/4
  1291 | D:2      | Noticed Ijyb
  1317 | D:2      | HP: 1/31 [Ijyb/club (1)]
  1321 | D:2      | Killed Ijyb
  1321 | D:2      | Reached XP level 4. HP: 27/39 MP: 7/7
  1408 | D:2      | Reached skill level 5 in Axes
  2446 | D:3      | Reached XP level 5. HP: 42/45 MP: 8/8
  2452 | D:3      | Reached skill level 6 in Axes
  2562 | D:3      | Acquired Lugonu's third power
  2762 | D:3      | Found a glowing golden altar of the Shining One.
  3652 | D:3      | Found a radiant altar of Vehumet.
  3870 | D:3      | Acquired Lugonu's fourth power
  4051 | D:3      | Reached skill level 7 in Axes
  4051 | D:3      | Reached XP level 6. HP: 29/51 MP: 8/10
  4259 | D:4      | Noticed Blork the orc
  4269 | D:4      | Killed Blork the orc
  4425 | D:5      | Entered Level 5 of the Dungeon
  4439 | D:4      | Noticed Menkaure
  4447 | D:4      | Killed Menkaure
  4463 | D:4      | Reached skill level 8 in Axes
  4463 | D:4      | Reached XP level 7. HP: 23/57 MP: 13/13
  4642 | D:4      | Noticed Prince Ribbit
  4672 | D:4      | Slain by Prince Ribbit

Action                   |  1- 3 |  4- 6 |  7- 9 || total
-------------------------+-------+-------+-------++-------
Melee: Hand axe          |   123 |   186 |       ||   309
       War axe           |       |    99 |    24 ||   123
Throw: Stone             |       |    16 |     1 ||    17
  Use: Potion            |     3 |     3 |     2 ||     8
  Eat: Chunk             |     1 |    11 |     1 ||    13
